 Dungeon Crawl Stone Soup version 0.30-a0-358-g0d69a19 (webtiles) character file.

Game seed: 6972413807737859708

256 Dorkslayer the Poker (level 6, -3/48 HPs)
             Began as a Merfolk Fighter on Nov 10, 2022.
             Slain by Duvessa
             ... wielding a +0 short sword
              (9 damage)
             ... on level 4 of the Dungeon.
             The game lasted 00:05:00 (2127 turns).

Dorkslayer the Poker (Merfolk Fighter)              Turns: 2127, Time: 00:05:00

Health: -3/48      AC:  6    Str: 20    XL:     6   Next: 15%
Magic:  6/6        EV: 12    Int:  8    God:
Gold:   255        SH:  5    Dex: 15    Spells: 5/5 levels left

rFire   x . .      SeeInvis .    a - +0 trident
rCold   + . .      Faith    .    c - +0 buckler
rNeg    . . .      Spirit   .    n - +3 leather armour "Widghoxti" {rElec rF- rC+ Str+4}
rPois   .          Reflect  .    (no helmet)
rElec   +          Harm     .    (no cloak)
rCorr   .          Rampage  .    (no gloves)
Will    .....                    (no boots)
Stlth   +.........               (no amulet)
HPRegen 0.28/turn                (no ring)
MPRegen 0.10/turn                (no ring)

@: mighty
A: (nimble swimmer 2), mertail
a: no special abilities


You were on level 4 of the Dungeon.
You visited 1 branch of the dungeon, and saw 4 of its levels.

You collected 255 gold pieces.

Inventory:

Hand Weapons
 a - a +0 trident (weapon)
Missiles
 j - 3 javelins (quivered)
Armour
 b - a +0 scale mail
 c - a +0 buckler (worn)
 n - the +3 leather armour "Widghoxti" (worn) {rElec rF- rC+ Str+4}
   (You found it on level 2 of the Dungeon)

   Str:       It affects your strength (+4).
   rF:        It makes you vulnerable to fire.
   rC:        It protects you from cold.
   rElec:     It insulates you from electricity.
Scrolls
 e - a scroll of magic mapping {unknown}
 g - a scroll of butterflies {unknown}
 h - 2 scrolls of teleportation {unknown}
 i - 4 scrolls of identify {unknown}
 k - 2 scrolls of poison {unknown}
 m - a scroll of noise {unknown}
 p - a scroll of enchant weapon {unknown}
Potions
 d - a potion of might
 f - a potion of resistance {unknown}
 l - a potion of brilliance {unknown}
 o - a potion of flight {unknown}


   Skills:
 + Level 4.1 Fighting
 + Level 5.1 Polearms
 * Level 2.0 Throwing
 + Level 2.6 Armour
 * Level 2.7 Dodging
 + Level 0.4 Stealth
 + Level 3.4 Shields


You had 5 spell levels left.
You didn't know any spells.
Your spell library contained the following spells:

 Spells                   Type           Power      Damage    Failure   Level
 Sandblast                Erth           0%         2d4       56%         1
 Blink                    Tloc           0%         N/A       71%         2
 Momentum Strike          Conj/Tloc      0%         3d8       71%         2
 Passwall                 Tmut/Erth      0%         N/A       71%         2
 Lesser Beckoning         Tloc           0%         N/A       90%         3
 Stone Arrow              Conj/Erth      0%         3d7       90%         3


Dungeon Overview and Level Annotations

Branches:
Dungeon (4/15)
 Temple: D:4-7

Altars:
Uskayaw

Annotations:
D:4 Duvessa


Innate Abilities, Weirdness & Mutations

((You are very nimble when in or above water. (Stealth+, EV+, Speed+++)))
Your lower body shifts to a powerful aquatic tail in water.


Message History

The javelin pierces through Duvessa but does no damage.
Duvessa is lightly wounded.
The javelin pierces through Dowan!
You kill Dowan!
Duvessa weeps, and shakes her weapon.
Duvessa goes berserk!
The ball python barely misses you. The ball python constricts you.
The ball python completely misses you. The ball python constricts you.
Your Polearms skill increases to level 5!
Your Throwing skill increases to level 2!
You have reached level 6!
Unknown command.
You closely miss the ball python. You block the ball python's attack.
The ball python constricts you.
You puncture the ball python!
You kill the ball python!
Duvessa hits you with a +0 short sword!
You closely miss Duvessa.
Duvessa is lightly wounded.
Duvessa hits you but does no damage.
You puncture Duvessa!
Duvessa is moderately wounded.
Duvessa hits you with a +0 short sword! Duvessa closely misses you.
You barely miss Duvessa.
Duvessa is moderately wounded.
You block Duvessa's attack. Duvessa closely misses you.
You hit Duvessa.
Duvessa is moderately wounded.
Duvessa hits you with a +0 short sword!
* * * LOW HITPOINT WARNING * * *
You puncture Duvessa!
Duvessa is heavily wounded.
Duvessa hits you with a +0 short sword!
* * * LOW HITPOINT WARNING * * *
Duvessa hits you with a +0 short sword.
* * * LOW HITPOINT WARNING * * *
You puncture Duvessa!
Duvessa is severely wounded.
Duvessa hits you with a +0 short sword!
You die...

..#..# #.#.##.# #.
...#..###.#.##.# # #.
........#.#.##.# #
#..#. #..#.#.#.##.####
#..#.##...............
#>.....e..........†...
.......g.........###.
###.#####.###.#......
#.@e)).(# #...####.
######### ##### ##


You could see Duvessa (berserk).

Vanquished Creatures
  A black bear (D:4)
  Dowan (D:4)
  Terence (D:2)
  3 adders
  2 worms
  3 orcs (D:3)
  10 endoplasms
  7 goblins
  6 hobgoblins
  2 jackals (D:1)
  A quokka (D:3)
  6 ball pythons
  4 bats
  3 frilled lizards
  6 kobolds
  6 rats
62 creatures vanquished.

Notes
Turn   | Place    | Note
-------+----------+-------------------------------------------
     0 | D:1      | Dorkslayer the Merfolk Fighter began the quest for the Orb.
     0 | D:1      | Reached XP level 1. HP: 18/18 MP: 1/1
   182 | D:1      | Reached XP level 2. HP: 19/24 MP: 2/2
   478 | D:1      | Reached skill level 3 in Polearms
   539 | D:1      | Noticed a floating eye
   549 | D:1      | Reached XP level 3. HP: 23/30 MP: 3/3
   555 | D:1      | Found a faded altar of an unknown god.
   571 | D:1      | Noticed a great orb of eyes
   574 | D:1      | Noticed a golden eye
   579 | D:1      | Noticed a golden eye
   903 | D:2      | Identified the +3 leather armour "Widghoxti" {rElec rF- rC+
                  | Str+4}
   983 | D:2      | You fall into a shaft and drop 2 floors!
  1066 | D:3      | Reached skill level 1 in Throwing
  1066 | D:3      | Reached XP level 4. HP: 37/37 MP: 4/4
  1141 | D:3      | Reached skill level 1 in Dodging
  1338 | D:3      | Found a hide-covered altar of Uskayaw.
  1522 | D:2      | Noticed Terence
  1538 | D:2      | Killed Terence
  1539 | D:2      | Reached skill level 4 in Polearms
  1825 | D:3      | Reached XP level 5. HP: 36/42 MP: 5/5
  2061 | D:4      | Noticed a black bear
  2068 | D:4      | Killed a black bear
  2101 | D:4      | Noticed Dowan
  2106 | D:4      | Noticed Duvessa
  2119 | D:4      | Killed Dowan
  2120 | D:4      | Reached skill level 5 in Polearms
  2120 | D:4      | Reached XP level 6. HP: 42/48 MP: 6/6
  2127 | D:4      | Slain by Duvessa

Illustrated notes

Levels and vault maps discovered:
D:1:      minmay_arrival_shattered_statue, layout_loops_ring,
          hellmonk_ecumenical_altar_watching_god
D:2:      layout_rooms, uniq_terence
D:3:      layout_loops_ring, amcnicky_altar_gilded
D:4:      layout_loops_ring, mainiacjoe_overflow_boulevard, lemuel_tele_altar,
          uniq_duvessa

Skill      XL: |  1  2  3  4  5 |
---------------+----------------+-----
Polearms       | 3 4 5 |  5.1
Throwing       | 1 2 |  2.0
Dodging        | 1 2 |  2.7
Fighting       | 4 |  4.1
Armour         | |  2.6
Stealth        | |  0.4
Shields        | |  3.4

Action                   |  1- 3 |  4- 6 || total
-------------------------+-------+-------++-------
Melee: Trident           |   120 |    90 ||   210
Throw: Javelin           |       |     4 ||     4
  Use: Potion            |       |     1 ||     1
Armor: Scale mail        |    40 |       ||    40
       Leather armour    |     9 |    35 ||    44
Dodge: Dodged            |    34 |    42 ||    76
Block: Buckler           |    26 |    26 ||    52

Table legend: (Time is in decaauts)
 A = Elapsed time spent in this place.
 B = Non-inter-level travel time spent in this place.
 C = Inter-level travel time spent in this place.
 D = Time resting spent in this place.
 E = Time spent auto-exploring this place.
 F = Levels seen in this place.
 G = Mean time per level.
                   A        B        C        D        E       F      G
               +--------+--------+--------+--------+--------+-----+--------+
         Total |   2163 |   2163 |      0 |      0 |   1210 |   4 |  540.8 |
       Dungeon |   2163 |   2163 |      0 |      0 |   1210 |   4 |  540.8 |
               +--------+--------+--------+--------+--------+-----+--------+

Top non-repeatable levels by time:
     D:3: 776 daAuts
     D:1: 740 daAuts
     D:2: 525 daAuts
     D:4: 120 daAuts
